 Dungeon Crawl Stone Soup version 0.15-a0-462-gf669498 (webtiles) character file.

386 PolkaDot the Vexing (level 5, -1/35 HPs)
             Began as a Vampire Enchanter on May 7, 2014.
             Was an Initiate of Sif Muna.
             Slain by an ogre
             ... wielding a +0,+0 giant club
              (8 damage)
             ... on Level 4 of the Dungeon.
             The game lasted 00:13:42 (3772 turns).

PolkaDot the Vexing (Vampire Enchanter)             Turns: 3772, Time: 00:13:42

HP  -1/35        AC  3     Str  7      XL: 5   Next: 65%
MP   2/10        EV 12     Int 19      God: Sif Muna [......]
Gold 165         SH  0     Dex 15      Spells:  3 memorised,  3 levels left

rFire  . . .     SeeInvis +     a - +1,+2 dagger
rCold  + + .     Clarity  .     b - +1 robe
rNeg   + + +     Conserve .     (no shield)
rPois  +         rCorr    .     (no helmet)
rElec  .         rRot     +     (no cloak)
SustAb . .       Spirit   .     (no gloves)
rMut   .         Warding  .     (no boots)
Saprov . . .     Stasis   .     (no amulet)
MR     .....                    (no ring)
                                g - +2 ring of intelligence

@: non-regenerating, very slightly contaminated, not resistant to hostile
enchantments, stealthy
A: fangs 3, see invisible, unbreathing
a: Bat Form, Renounce Religion


You were on level 4 of the Dungeon.
You worshipped Sif Muna.
Sif Muna was noncommittal.
You were bloodless.

You visited 1 branch of the dungeon, and saw 4 of its levels.

You collected 165 gold pieces.

Inventory:

Hand weapons
 a - a +1,+2 dagger (weapon)
Missiles
 d - 11 darts (quivered)
Armour
 b - a +1 robe (worn)
 h - a troll hide
Scrolls
 i - 2 scrolls of remove curse
 k - a scroll of recharging
 l - 2 scrolls of teleportation
Jewellery
 g - a +2 ring of intelligence (left hand)
Potions
 e - 2 potions of heal wounds {unknown}
 f - a potion of curing
Books
 c - a book of Maledictions

   Spells                             Type                      Level
   *Corona                            Hexes                        1
   Sure Blade                         Hexes/Charms                 2
   *Ensorcelled Hibernation           Hexes/Ice                    2
   *Confuse                           Hexes                        3
   Dazzling Spray                     Conjuration/Hexes            3
   Enslavement                        Hexes                        4


   Skills:
 - Level 2.0 Short Blades
 - Level 0.7 Throwing
 - Level 2.1 Dodging
 + Level 5.4 Stealth
 + Level 2.9 Spellcasting
 * Level 7.1 Hexes


You had 3 spell levels left.
You knew the following spells:

 Your Spells              Type           Power        Failure   Level  Hunger
a - Corona                Hex            ####...      1%          1    None
c - Confuse               Hex            ####....     2%          3    ###....
d - Ensorcelled Hibernat  Hex/Ice        ###...       8%          2    ##.....


Dungeon Overview and Level Annotations

Branches:
Dungeon (4/15)
 Temple: D:4-7

Altars:
Elyvilon
Fedhas
Kikubaaqudgha
Okawaru
Sif Muna
Trog
Yredelemnul
The Shining One


Innate Abilities, Weirdness & Mutations

You do not heal naturally.
You have razor-sharp teeth.*
You have supernaturally acute eyesight.
You can survive without breathing.*


Message History

You hear a crackling sound.
The ogre hits you with a giant club!
* * * LOW HITPOINT WARNING * * *
Casting: Ensorcelled Hibernation
Confirm with . or Enter, or press ? or * to list all spells.
Aiming: Ensorcelled Hibernation
Press: ? - help, Shift-Dir - straight line, f/p - ogre
Aim: an ogre, wielding a giant club (almost dead)
The ogre resists.
* * * LOW MAGIC WARNING * * *
The ogre completely misses you.
Casting: Ensorcelled Hibernation
Confirm with . or Enter, or press ? or * to list all spells.
Aiming: Ensorcelled Hibernation
Press: ? - help, Shift-Dir - straight line, f/p - ogre
Aim: an ogre, wielding a giant club (almost dead)
The ogre resists.
* * * LOW MAGIC WARNING * * *
The ogre hits you with a giant club!
You die...

#.. ### . # #
######## ####
##......## +...
#..O.....# ####
#.@.♣♣...# # +..♣♣
♣(.##########
#..♣♣♣♣..'%........
#...♣♣...#........#
#........#........#
##......##.......>#
########.........#
............
############


You could see an ogre.

Vanquished Creatures
  Blork the orc (D:4)
  An orc priest (D:4)
  3 adders
  A worm (D:2)
  A giant eyeball (D:3)
  2 oozes
  6 orcs
  A ball python (D:4)
  4 giant cockroaches
  6 goblins
  10 hobgoblins
  12 bats
  6 giant geckos
  2 giant newts (D:2)
  8 jackals
  8 kobolds
  7 rats
  A rat skeleton (D:4)
  A plant (D:1)
81 creatures vanquished.

Notes
Turn   | Place    | Note
--------------------------------------------------------------
     0 | D:1      | PolkaDot, the Vampire Enchanter, began the quest for the Orb.
     0 | D:1      | Reached XP level 1. HP: 13/13 MP: 3/3
   486 | D:1      | Reached XP level 2. HP: 19/19 MP: 4/4
   714 | D:1      | Learned a level 2 spell: Ensorcelled Hibernation
  1383 | D:2      | Reached skill level 5 in Hexes
  1520 | D:2      | Found an iron altar of Okawaru.
  1659 | D:2      | Reached XP level 3. HP: 17/24 MP: 3/6
  1664 | D:2      | Learned a level 3 spell: Confuse
  2172 | D:2      | Found a white marble altar of Elyvilon.
  2177 | D:2      | Found a bloodstained altar of Trog.
  2179 | D:2      | Found a glowing golden altar of the Shining One.
  2182 | D:2      | Found a blossoming altar of Fedhas.
  2183 | D:2      | Found an ancient bone altar of Kikubaaqudgha.
  2509 | D:3      | Reached XP level 4. HP: 30/30 MP: 7/7
  2542 | D:3      | Found a deep blue altar of Sif Muna.
  2589 | D:3      | Became a worshipper of Sif Muna the Loreminder
  2712 | D:3      | Reached skill level 6 in Hexes
  3006 | D:3      | Paralysed by a giant eyeball for 2 turns
  3495 | D:4      | Reached skill level 5 in Stealth
  3495 | D:4      | Reached XP level 5. HP: 26/35 MP: 4/9
  3515 | D:4      | Found a basalt altar of Yredelemnul.
  3536 | D:4      | Noticed Blork the orc
  3560 | D:4      | Killed Blork the orc
  3560 | D:4      | Reached skill level 7 in Hexes
  3765 | D:4      | Noticed an ogre
  3772 | D:4      | Slain by an ogre

Action                   |  1- 3 |  4- 6 || total
-------------------------+-------+-------++-------
Melee: Dagger            |   192 |    89 ||   281
Throw: Dart              |     6 |       ||     6
 Cast: Corona            |     5 |       ||     5
       Ensorcelled Hiber |    26 |    28 ||    54
  Use: Scroll            |     5 |     6 ||    11
       Potion            |       |     4 ||     4
 Stab: Sleeping          |    23 |    25 ||    48
       Distracted        |       |     1 ||     1
